Map: 2000 Atmospheres LE

Players

starkiller - Winner!

  • Race: Zerg Zerg
  • League: Grandmaster

LouisXIII

  • Race: Protoss Protoss
  • League: Grandmaster

VOD

Have the link to the VOD?

Description

Time

  • Played on: Oct. 30, 2021, 6:31 p.m.
  • Length: 22:26
Show
View Real Time Build Order
Export as new Build Order

starkiller Zerg - Winner!

Build Orders: Pool First 

Get SALT Encoding   

  12  0:00  Drone  
  13  0:09  Drone  
  14  0:14  Extractor  
  14  0:15  Drone  
  15  0:21  Overlord  
  15  0:37  Spawning Pool  
  15  0:40  Drone  
  15  0:44  Drone  
  15  0:47  Drone  
  17  1:02  Drone  
  17  1:03  Extractor  
  17  1:15  Hatchery  
  16  1:25  Zergling x4  
  18  1:27  Zergling x2  
  19  1:35  Queen  
  21  1:43  Overlord  
  21  1:48  Drone  
  22  2:03  Metabolic Boost  
  22  2:05  Drone  
  23  2:10  Queen  
  25  2:31  Hatchery  
  25  2:35  Drone  
  25  2:41  Drone  
  26  2:50  Drone x4  
  30  2:54  Drone  
  31  2:59  Overlord  
  31  3:04  Overlord  
  31  3:11  Drone x2  
  33  3:18  Overlord  
  33  3:21  Drone x2  
  35  3:29  Overlord  
  34  3:37  Zergling x8  
  37  3:42  Drone  
  37  3:46  Queen  
  40  3:49  Drone x2  
  40  3:51  Drone  
  43  3:57  Drone  
  43  3:58  Drone  
  43  4:00  Drone  
  43  4:01  Drone  
  47  4:05  Drone x2  
  49  4:11  Lair  
  48  4:21  Drone x3  
  48  4:23  Drone  
  52  4:25  Spore Crawler  
  52  4:26  Spore Crawler  
  52  4:29  Spore Crawler  
  49  4:32  Drone x4  
  53  4:39  Extractor  
  53  4:40  Drone x3, Extractor  
  53  4:41  Drone  
  55  4:51  Drone x7  
  60  4:55  Drone  
  60  4:57  Drone  
  60  4:58  Drone  
  63  5:01  Drone  
  63  5:04  Drone  
  63  5:05  Drone  
  66  5:07  Extractor x2  
  66  5:12  Drone x4  
  67  5:17  Hydralisk Den  
  67  5:19  Overlord, Queen  
  67  5:20  Overlord  
  68  5:24  Overlord  
  68  5:25  Overlord  
  68  5:40  Overlord x2  
  70  5:45  Overlord  
  70  5:46  Grooved Spines, Hydralisk x2  
  70  5:48  Hydralisk  
  70  5:49  Hydralisk  
  76  5:54  Hydralisk x2  
  82  5:59  Hydralisk  
  82  6:00  Hydralisk  
  82  6:02  Hydralisk x2  
  88  6:04  Hydralisk  
  88  6:05  Hydralisk  
  88  6:07  Hydralisk  
  94  6:11  Hydralisk  
  94  6:17  Hydralisk  
  98  6:23  Hydralisk x2  
  98  6:25  Hydralisk, Overlord x2  
  102  6:29  Hydralisk  
  106  6:37  Hydralisk x2  
  110  6:40  Overlord  
  110  6:41  Hydralisk  
  110  6:45  Hydralisk  
  114  6:48  Hydralisk  
  114  6:51  Hydralisk  
  114  6:53  Hatchery  
  117  6:55  Zergling x6  
  117  6:56  Zergling x2  
  117  6:57  Zergling x2  
  117  7:01  Overseer  
  122  7:02  Zergling x6  
  122  7:04  Zergling x4  
  127  7:10  Zergling x2  
  127  7:11  Zergling x2  
  129  7:16  Zergling x2  
  129  7:17  Zergling x10  
  129  7:20  Muscular Augments  
  129  7:21  Overlord x2  
  121  7:34  Overlord  
  115  7:39  Drone x3  
  115  7:42  Drone  
  115  7:45  Drone x3, Infestation Pit  
  115  7:47  Evolution Chamber  
  115  7:49  Evolution Chamber  
  115  7:50  Extractor  
  114  7:52  Drone x3  
  117  8:02  Drone x3  
  120  8:06  Extractor  
  120  8:07  Spore Crawler, Extractor  
  120  8:08  Queen  
  120  8:09  Drone  
  120  8:10  Spine Crawler, Drone  
  120  8:11  Drone x2  
  122  8:15  Drone x2, Hydralisk  
  122  8:16  Hydralisk  
  128  8:21  Overlord x2  
  128  8:26  Zerg Missile Weapons Level 1, Hive  
  128  8:27  Zerg Ground Armor Level 1  
  128  8:28  Hydralisk  
  128  8:31  Hydralisk  
  132  8:36  Hydralisk x2  
  132  8:40  Hydralisk x2  
  140  8:46  Hydralisk  
  141  8:52  Hydralisk x4  
  141  8:53  Hydralisk  
  144  8:58  Hydralisk  
  144  8:59  Hydralisk x2  
  144  9:02  Drone x2  
  148  9:06  Overlord x2  
  148  9:12  Overlord  
  148  9:14  Drone  
  149  9:22  Drone x2  
  151  9:25  Spine Crawler x2  
  151  9:30  Hatchery  
  149  9:40  Viper  
  149  9:41  Viper x4  
  164  9:53  Hatchery  
  164  9:57  Hydralisk x6  
  164  9:58  Hydralisk x2  
  164  9:59  Hydralisk x2  
  183  10:03  Drone  
  183  10:04  Spine Crawler  
  183  10:05  Hydralisk  
  183  10:07  Hydralisk  
  185  10:08  Hydralisk  
  189  10:20  Zerg Missile Weapons Level 2  
  189  10:21  Zerg Ground Armor Level 2  
  189  10:24  Hydralisk  
  189  10:26  Hydralisk  
  193  10:29  Hydralisk  
  193  10:32  Hydralisk  
  193  10:34  Hydralisk  
  199  10:35  Overseer  
  199  10:38  Overseer  
  199  10:42  Spine Crawler, Hydralisk  
  200  11:01  Pneumatized Carapace  
  200  11:04  Overlord  
  166  11:32  Hydralisk x15  
  150  11:36  Hydralisk x6  
  164  11:47  Overseer x2  
  164  11:49  Hydralisk x6  
  164  11:52  Hydralisk  
  166  12:01  Hydralisk x2  
  156  12:02  Hydralisk x2  
  164  12:09  Hydralisk x3  
  164  12:11  Drone x2  
  172  12:18  Hydralisk x3  
  172  12:19  Spine Crawler  
  172  12:20  Spine Crawler x2  
  172  12:21  Spore Crawler  
  172  12:22  Spine Crawler  
  173  12:27  Hydralisk x3  
  179  12:34  Hydralisk  
  179  12:35  Hydralisk x2  
  185  12:38  Hydralisk  
  185  12:41  Spine Crawler  
  185  12:43  Overseer  
  186  12:55  Zerg Missile Weapons Level 3  
  184  12:58  Zerg Ground Armor Level 3  
  182  13:11  Hydralisk x5  
  166  13:35  Hydralisk x7  
  166  13:36  Hydralisk  
  166  13:38  Hydralisk  
  184  13:44  Lurker Den  
  184  13:45  Extractor x2  
  184  13:46  Drone x3  
  184  13:47  Spine Crawler x2, Drone x3  
  184  13:48  Drone x3  
  178  14:18  Drone x3  
  165  14:31  Hydralisk x2  
  165  14:33  Hydralisk  
  150  14:40  Overseer x4  
  150  14:45  Hydralisk  
  114  14:53  Hydralisk  
  114  14:54  Hydralisk x14  
  130  15:09  Hydralisk x5  
  130  15:11  Seismic Spines  
  140  15:17  Hydralisk  
  142  15:26  Hydralisk x6  
  154  15:29  Hydralisk  
  154  15:30  Hatchery  
  154  15:31  Hydralisk  
  154  15:33  Hydralisk  
  159  15:36  Hydralisk  
  159  15:42  Hydralisk x2  
  165  15:56  Hydralisk  
  165  15:57  Hydralisk  
  165  16:02  Lurker x12  
  165  16:03  Lurker  
  182  16:04  Lurker  
  182  16:08  Adaptive Talons  
  182  16:09  Hydralisk x2  
  187  16:12  Hydralisk  
  189  16:25  Hydralisk x2  
  189  16:26  Hydralisk  
  179  16:51  Hydralisk x5  
  181  16:58  Hydralisk  
  183  17:03  Drone x10  
  183  17:04  Drone x7  
  196  17:28  Hydralisk  
  190  17:31  Extractor  
  190  17:32  Spore Crawler, Hydralisk, Extractor  
  190  17:33  Hydralisk x4  
  190  17:34  Spine Crawler  
  196  17:40  Hydralisk x2  
  196  17:43  Hydralisk  
  190  17:53  Hydralisk x6  
  198  18:26  Hydralisk  
  182  18:27  Viper  
  182  18:28  Viper x2  
  182  18:29  Hydralisk  
  182  18:34  Hydralisk  
  195  18:35  Spine Crawler, Overseer x2  
  195  18:36  Spine Crawler  
  195  18:38  Hydralisk x4  
  200  18:57  Hatchery  
  189  19:03  Lurker x4  
  189  19:05  Hydralisk x3  
  199  19:19  Extractor  
  199  19:20  Extractor  
  199  19:23  Extractor  
  193  19:42  Lurker x6  
  191  19:57  Hydralisk x4  
  194  20:07  Queen  
  190  20:29  Spine Crawler  
  190  20:30  Spine Crawler  
  190  20:31  Spine Crawler  
  187  20:37  Hydralisk x6  
  175  21:00  Hydralisk x11  
  175  21:01  Overlord x4  
  175  21:03  Hydralisk x3  
  185  21:12  Hydralisk  
  185  21:13  Hydralisk x3  
  185  21:16  Overlord  
  180  21:39  Drone x3  
  183  21:40  Drone x3  
  186  21:51  Hatchery  
  186  21:53  Hatchery  
  184  21:56  Hydralisk x8  
Show
View Real Time Build Order
Export as new Build Order

LouisXIII Protoss 

Build Orders: 1 Gate Expand, Carriers, Colossus Rush 

Get SALT Encoding   

  12  0:00  Probe  
  13  0:12  Probe  
  14  0:19  Pylon  
  14  0:24  Probe (Chrono Boost)  
  15  0:38  Gateway  
  15  0:39  Probe (Chrono Boost)  
  16  0:44  Probe (Chrono Boost)  
  16  0:47  Assimilator  
  17  0:53  Probe  
  18  1:05  Probe  
  19  1:18  Probe  
  20  1:25  Cybernetics Core  
  20  1:35  Nexus  
  20  1:43  Pylon  
  20  1:47  Probe  
  21  1:59  Probe  
  21  2:00  Adept (Chrono Boost)  
  22  2:06  Assimilator  
  22  2:07  Warp Gate  
  24  2:11  Pylon  
  24  2:13  Probe  
  25  2:22  Adept  
  25  2:26  Probe (Chrono Boost)  
  25  2:28  Shield Battery  
  29  2:38  Probe (Chrono Boost)  
  29  2:45  Probe (Chrono Boost)  
  29  2:49  Stargate  
  31  2:54  Adept, Probe (Chrono Boost)  
  31  2:55  Probe (Chrono Boost)  
  34  3:00  Probe (Chrono Boost)  
  34  3:03  Probe (Chrono Boost)  
  36  3:08  Probe  
  36  3:09  Gateway  
  37  3:14  Probe (Chrono Boost)  
  38  3:24  Probe (Chrono Boost)  
  38  3:25  Pylon  
  38  3:26  Probe (Chrono Boost)  
  41  3:35  Probe (Chrono Boost)  
  41  3:38  Probe (Chrono Boost)  
  41  3:40  Void Ray  
  42  3:45  Probe (Chrono Boost)  
  42  3:47  Robotics Facility  
  47  3:49  Assimilator  
  47  3:50  Probe (Chrono Boost)  
  47  3:51  Assimilator  
  47  3:52  Pylon  
  48  4:01  Probe (Chrono Boost)  
  48  4:02  Probe (Chrono Boost)  
  50  4:05  Pylon  
  50  4:06  Probe (Chrono Boost)  
  50  4:08  Probe  
  52  4:14  Adept x2  
  52  4:15  Void Ray (Chrono Boost)  
  56  4:22  Probe x2  
  60  4:34  Probe  
  60  4:36  Robotics Bay  
  61  4:42  Nexus  
  61  4:48  Void Ray (Chrono Boost)  
  61  4:49  Probe x2  
  61  4:51  Observer  
  60  4:56  Pylon  
  64  5:01  Probe  
  64  5:03  Probe  
  64  5:04  Adept  
  64  5:06  Adept  
  70  5:13  Probe  
  70  5:15  Stargate, Probe  
  70  5:18  Void Ray  
  75  5:32  Probe  
  75  5:33  Probe  
  77  5:40  Pylon, Forge  
  77  5:44  Probe  
  77  5:48  Pylon  
  78  5:53  Pylon, Colossus (Chrono Boost)  
  78  5:54  Probe  
  78  5:56  Probe  
  86  5:57  Void Ray  
  86  5:59  Probe  
  95  6:12  Probe x2  
  95  6:17  Probe  
  98  6:19  Extended Thermal Lance (Chrono Boost)  
  98  6:24  Probe x2  
  92  6:29  Probe  
  92  6:30  Shield Battery  
  92  6:32  Pylon  
  93  6:33  Assimilator, Photon Cannon  
  93  6:35  Pylon  
  93  6:37  Probe  
  93  6:38  Probe  
  95  6:40  Assimilator, Void Ray  
  95  6:41  Colossus (Chrono Boost)  
  95  6:42  Probe  
  106  6:50  Void Ray  
  110  7:07  Photon Cannon  
  110  7:12  Shield Battery  
  110  7:13  Photon Cannon  
  110  7:15  Photon Cannon  
  110  7:16  Protoss Air Weapons Level 1 (Chrono Boost), Photon Cannon  
  110  7:18  Sentry  
  110  7:19  Sentry  
  111  7:35  Void Ray  
  111  7:36  Void Ray  
  110  7:48  Shield Battery  
  110  7:51  Colossus (Chrono Boost)  
  116  7:53  Protoss Ground Weapons Level 1  
  116  7:58  Probe  
  116  7:59  Probe x2  
  116  8:02  Twilight Council  
  116  8:04  Gateway  
  119  8:07  Gateway  
  119  8:10  Probe  
  120  8:14  Nexus  
  120  8:17  Pylon  
  120  8:20  Zealot  
  120  8:22  Photon Cannon  
  121  8:33  Observer  
  122  8:35  Nexus  
  122  8:41  Fleet Beacon  
  122  8:42  Templar Archives  
  122  8:43  Zealot  
  122  8:50  Probe x2  
  122  8:54  Charge (Chrono Boost)  
  119  8:58  Probe  
  119  9:02  Probe  
  121  9:03  Probe  
  121  9:07  Pylon  
  122  9:12  Psionic Storm  
  122  9:15  Observer (Chrono Boost)  
  123  9:18  Photon Cannon  
  123  9:19  Photon Cannon  
  123  9:21  High Templar  
  125  9:27  Tempest  
  125  9:29  High Templar  
  132  9:33  Photon Cannon  
  132  9:35  Photon Cannon  
  132  9:46  Pylon  
  132  9:47  Tempest  
  132  9:48  Pylon  
  132  9:51  Shield Battery  
  137  9:53  Photon Cannon  
  137  9:59  Stargate  
  133  10:04  Probe x4  
  137  10:07  Assimilator  
  137  10:10  Assimilator  
  137  10:12  High Templar x2  
  141  10:16  Probe  
  142  10:28  Pylon  
  142  10:42  Carrier  
  148  10:43  Zealot  
  148  10:44  Zealot x3  
  155  10:51  Gateway  
  155  10:53  Gateway, Probe x2  
  155  10:55  Gateway  
  155  10:56  Gateway  
  145  11:04  High Templar x3  
  145  11:08  Nexus  
  145  11:09  Archon  
  145  11:10  Pylon  
  150  11:23  Archon  
  150  11:25  Zealot  
  140  11:27  Archon  
  120  11:34  Tempest x2  
  120  11:44  High Templar x2  
  118  11:48  Archon  
  118  11:52  Zealot  
  118  11:53  Zealot x4  
  122  11:54  Carrier (Chrono Boost)  
  124  12:03  Observer (Chrono Boost)  
  124  12:08  Pylon  
  125  12:09  Cybernetics Core  
  125  12:18  Void Ray (Chrono Boost)  
  125  12:20  Assimilator, Probe x4  
  133  12:24  Assimilator  
  133  12:25  Zealot x6  
  133  12:27  Photon Cannon  
  151  12:30  Photon Cannon  
  151  12:33  Photon Cannon  
  151  12:34  Photon Cannon  
  151  12:35  Carrier (Chrono Boost)  
  151  12:36  Photon Cannon x2  
  151  12:37  Observer (Chrono Boost)  
  152  12:38  Photon Cannon  
  152  12:39  Pylon  
  152  12:40  Photon Cannon  
  152  12:42  Photon Cannon  
  152  12:45  High Templar x3  
  152  12:46  High Templar x2  
  160  12:51  Archon  
  160  12:52  High Templar  
  148  13:15  Nexus  
  146  13:20  Carrier x2  
  150  13:32  High Templar x3  
  132  13:35  Pylon  
  132  13:37  Photon Cannon  
  132  13:38  Photon Cannon x2  
  132  13:40  Photon Cannon  
  131  13:42  Pylon  
  131  13:44  Gateway  
  131  13:54  Shield Battery  
  131  13:57  Photon Cannon  
  131  13:59  Tempest  
  129  14:03  Zealot  
  129  14:09  High Templar  
  116  14:10  High Templar  
  113  14:23  Tempest  
  115  14:25  Tempest  
  115  14:27  Zealot x3  
  115  14:28  Zealot  
  118  14:31  Archon x2  
  103  14:41  Tempest  
  92  14:50  Probe  
  86  14:53  High Templar x3  
  86  14:54  Zealot x2  
  86  14:57  Probe  
  97  15:00  Probe  
  97  15:03  Assimilator  
  103  15:07  Colossus (Chrono Boost)  
  103  15:13  Tempest (Chrono Boost)  
  109  15:27  Nexus  
  109  15:30  Pylon, Carrier (Chrono Boost)  
  115  15:36  High Templar  
  115  15:40  Probe x3  
  118  15:50  Shield Battery  
  118  15:54  Observer  
  119  15:59  Photon Cannon, High Templar  
  119  16:00  High Templar  
  119  16:02  Photon Cannon  
  123  16:06  Photon Cannon, Probe  
  123  16:07  Probe x2  
  124  16:24  Zealot  
  126  16:27  Photon Cannon, High Templar x2  
  126  16:32  Carrier  
  136  16:35  Archon  
  136  16:37  Archon  
  125  16:53  Zealot x2  
  125  16:54  Zealot x2  
  123  17:05  Nexus, Void Ray  
  123  17:07  High Templar  
  123  17:08  High Templar  
  129  17:21  Tempest  
  126  17:30  Probe x2  
  126  17:36  Pylon  
  128  17:37  Tempest  
  128  17:39  High Templar x2  
  120  17:54  Tempest  
  120  17:57  Observer (Chrono Boost)  
  115  18:03  Probe  
  115  18:05  Probe x2  
  118  18:13  High Templar x2  
  117  18:25  Carrier  
  113  18:33  Probe x2  
  113  18:34  Probe x2  
  117  18:55  Nexus  
  117  18:57  Protoss Air Weapons Level 2 (Chrono Boost)  
  117  19:09  Pylon  
  117  19:12  Zealot  
  117  19:13  Zealot x5  
  129  19:22  Carrier  
  135  19:35  Carrier  
  141  19:49  High Templar  
  141  20:06  High Templar  
  137  20:26  Nexus  
  123  20:49  Archon x2  
  106  20:51  Tempest  
  106  20:56  Tempest x2  
  112  21:03  Pylon, Probe  
  109  21:08  Probe  
  110  21:14  Zealot x6  
  110  21:37  Probe x2  
  110  21:38  Probe  
  108  21:44  Probe x2  
  108  21:45  Assimilator  
  115  21:49  Probe  
  115  21:54  Observer  
  114  22:00  Assimilator  
  113  22:07  High Templar  
Tags
 
Add a new tag
Caveats
  • Supply blocks, unpowered buildings, or Contaminate may cause inaccurate times.
  • Supply counts are checked every 10 seconds.